Cogmind - Beta 13 @@@ ROGUE MODE // 2024.02.26 @ 22:32:57 Player: baqpad Result: Destroyed by L-31 Rogue with Katana Performance ------------- Evolutions (1) 500 Regions Visited (2) 400 Robots Destroyed (16) 80 Value Destroyed (484) 484 Prototype IDs (1) 20 Alien Tech Used (0) 0 Bonus (0) 0 TOTAL SCORE: 1484 Bonus ------- None Cogmind --------- Core Integrity 0/400 Matter 300/300 Energy 59/100 System Corruption 1% Temperature Warm (192) Movement Core (200) Ox3 Location -9/Materials Parts ------- > --- POWER (1) -------- (None) > --- PROPULSION (3) --- (None) > --- UTILITY (3) ------ Small Storage Unit ECM Suite > --- WEAPON (2) ------- Beam Rifle > --- INVENTORY (8) ---- Ion Engine Improved Aluminum Leg Light Cannon Grenade Launcher Peak State ------------ > --- POWER ------------ Improved Ion Engine > --- PROPULSION ------- Aluminum Leg Aluminum Leg Aluminum Leg > --- UTILITY ---------- Small Storage Unit Sensor Array ECM Suite > --- WEAPON ----------- Heavy Assault Rifle Datajack > --- INVENTORY -------- Ion Engine Light Treads Beam Rifle Light Cannon Grenade Launcher Mining Claw [Rating: 11] Favorites ----------- Power Light Ion Engine Engine Light Ion Engine Propulsion Light Treads Treads Light Treads Leg Aluminum Leg Utility Small Storage Unit Device ECM Suite Storage Small Storage Unit Processor Visual Processing Unit Weapon Assault Rifle Energy Gun Beam Rifle Ballistic Gun Assault Rifle Ballistic Cannon Light Cannon Launcher Grenade Launcher Slashing Weapon Mining Claw Special Melee Weapon Datajack Build | -11 -10 -9 ------- Run | Yrd Mat Mat Slots Evolved 2 | . . 2 Power . | . . . Propulsion 1 | . . 1 Utility 1 | . . 1 Weapon . | . . . Parts Attached 33 | 6 10 17 Power 4 | 1 1 2 Engine 4 | 1 1 2 Core . | . . . Reactor . | . . . Propulsion 6 | 2 . 4 Treads 3 | 2 . 1 Leg 3 | . . 3 Wheel . | . . . Hover . | . . . Flight . | . . . Utility 10 | 1 7 2 Device 3 | . 2 1 Storage 6 | 1 4 1 Processor 1 | . 1 . Hackware . | . . . Protection . | . . . Artifact . | . . . Weapon 13 | 2 2 9 Energy Gun 2 | . . 2 Energy Cannon . | . . . Ballistic Gun 6 | 2 . 4 Ballistic Cannon 1 | . 1 . Launcher 1 | . . 1 Special Weapon . | . . . Impact Weapon . | . . . Slashing Weapon 2 | . 1 1 Piercing Weapon . | . . . Special Melee Weapon 1 | . . 1 Unidentified Prototypes 1 | . . 1 Parts Lost 9 | . . 9 Power 2 | . . 2 Propulsion 4 | . . 4 Utility 1 | . . 1 Weapon 2 | . . 2 Highest Loss Streak 6 | . . 6 To Critical Strikes . | . . . Average Slot Usage (%) 94 | . 98 83 Engine 12 | . 14 8 Treads 21 | . 28 8 Leg 5 | . . 16 Device 14 | . 11 20 Storage 7 | . 7 7 Processor 5 | . 8 . Ballistic Gun 11 | . 13 7 Ballistic Cannon 7 | . 10 . Slashing Weapon 5 | . 4 7 Special Melee Weapon 1 | . . 3 Naked Turns . | . . . Heaviest Build 20 | 11 13 20 Greatest Support 40 | 40 40 40 Greatest Overweight (x) 2 | 2 . 2 Average Overweight (x) . | . . . Largest Inventory Capacity 25 | 8 25 8 Average Capacity 6 | 7 6 7 Most Carried 8 | 1 5 8 Average Carried 3 | . 2 5 Final Capacity 8 | 8 5 8 Final Carried 4 | . 4 4 Class Distribution -------------------- 89% | Mutant 10% | Scavenger-Mutant Dominant Class ---------------- Mutant | -10/Materials Mutant | -9/Materials Resources | -11 -10 -9 ----------- Run | Yrd Mat Mat Matter Collected 692 | 217 174 301 Remotely . | . . . Salvage Created 532 | . 185 347 Parts 37 | . 15 22 Haulers Intercepted . | . . . Recyclers Shooed . | . . . Parts Field Recycled . | . . . Retrieved Matter . | . . . Parts Self-Destructed . | . . . Prevented . | . . . Kills | -11 -10 -9 ------- Run | Yrd Mat Mat Combat Hostiles Destroyed 14 | . 6 8 Melee 4 | . . 4 Guns 6 | . 2 4 Cannons 4 | . 4 . Classes Destroyed 4 | . 3 1 Watcher 2 | . 2 . Swarmer 3 | . 3 . Grunt 9 | . 3 6 Sentry 2 | . . 2 Best Kill Streak 3 | . 2 3 Combat Bots Only 3 | . 2 3 Max Kills in Single Turn 1 | . 1 1 Gunslinging . | . . . Exploded . | . . . Melee 1 | . . 1 Uniques/NPCs Destroyed . | . . . Combat | -11 -10 -9 -------- Run | Yrd Mat Mat Hostile Shots Fired 130 | . 40 90 Missed 36 | . 17 19 Damage Taken 1499 | . 235 1264 Core 442 | . 39 403 Absorbed by Shields . | . . . Core Remaining (%) 92 | 100 84 . Volleys Fired 59 | . 25 34 Largest 2 | . 2 2 Hottest 79 | . 55 79 Shots Fired 86 | . 40 46 Gun 72 | . 26 46 Cannon 14 | . 14 . Launcher . | . . . Special . | . . . Kinetic 65 | . 40 25 Thermal 21 | . . 21 Explosive . | . . . Electromagnetic . | . . . Robot Hit Streak 7 | . 7 5 Robot Miss Streak 5 | . 5 2 Penetration Max . | . . . Secondary Targets 2 | . 1 1 Max Gunslinging Chain 1 | . 1 1 Shots Hit Robots 69 | . 21 48 Core Hits 28 | . 12 16 Critical Kills . | . . . Critical Parts Destroyed . | . . . Critical Strikes . | . . . Melee Attacks 20 | . . 20 Impact . | . . . Slashing 17 | . . 17 Piercing . | . . . Sneak Attacks . | . . . Combat Hostiles . | . . . Follow-up Attacks . | . . . Damage Inflicted 982 | . 290 692 Guns 589 | . 144 445 Cannons 146 | . 146 . Explosions . | . . . Melee 238 | . . 238 Ramming 9 | . . 9 Kinetic 550 | . 290 260 Thermal 185 | . . 185 Explosive . | . . . Electromagnetic . | . . . Impact . | . . . Slashing 238 | . . 238 Piercing . | . . . Highest Corruption 1 | . . 1 Average Corruption 1 | . . 1 Corruption Purged . | . . . Corruption Blocked . | . . . Overload Shots . | . . . Overflow Damage . | . . . Projectiles . | . . . Explosions . | . . . Melee . | . . . Knockbacks . | . . . Impact . | . . . Kinetic . | . . . Secondary . | . . . Self-Inflicted Damage 3 | . . 3 Shots . | . . . Rammed 6 | . . 6 Targets Rammed 6 | . . 6 Kicked . | . . . Crushed . | . . . Highest Temperature 192 | . 15 192 Average Temperature 73 | . 6 86 Received Heat Transfer 447 | . 87 360 Siege Activations . | . . . Robots Corrupted . | . . . Combat Hostiles . | . . . Parts Fried . | . . . Impact Corruptions . | . . . Robots Melted . | . . . Combat Hostiles . | . . . Parts Melted . | . . . Heat Transferred 481 | . . 481 Parts Sabotaged . | . . . Parts Stolen . | . . . Parts Stripped . | . . . Power Chain Reactions . | . . . Alert | -11 -10 -9 ------- Run | Yrd Mat Mat Peak Influence 135 | . 102 135 Initial . | . . . Average 42 | . 39 56 Maximum Alert Level . | . . . Low Security (%) 100 | 100 100 100 Level 1 . | . . . Level 2 . | . . . Level 3 . | . . . Level 4 . | . . . Level 5 . | . . . High Security . | . . . Max Security . | . . . Squads Dispatched 1 | . . 1 Investigation 1 | . . 1 Extermination . | . . . Reinforcement . | . . . Assault . | . . . Garrison . | . . . Intercept . | . . . Searches Triggered . | . . . Construction Impeded . | . . . Haulers Reinforced . | . . . Active Scanning Responses . | . . . Cargo Convoy Interrupts . | . . . Stealth | -11 -10 -9 --------- Run | Yrd Mat Mat Distress Signals 3 | . . 3 Communications Jammed . | . . . Distress Signals . | . . . Times Spotted 34 | . 11 23 Peak Tracking Total 6 | . 3 6 Tactical Retreats 11 | . 2 9 Traps | -11 -10 -9 ------- Run | Yrd Mat Mat Traps Triggered 1 | . . 1 Indirectly . | . . . Trap Hack Attempts . | . . . Triggered . | . . . Disarmed . | . . . Reprogrammed . | . . . Reused . | . . . Traps Extracted . | . . . Installed . | . . . Triggered . | . . . Machines | -11 -10 -9 ---------- Run | Yrd Mat Mat Machines Disabled . | . . . Max in Single Turn . | . . . Machines Repaired . | . . . Machines Dismantled . | . . . Machines Sabotaged . | . . . Overloaded Fab Kills . | . . . Hacking | -11 -10 -9 --------- Run | Yrd Mat Mat Machines Accessed . | . . . Terminals . | . . . Fabricators . | . . . Repair Stations . | . . . Recycling Units . | . . . Scanalyzers . | . . . Garrison Access . | . . . Total Hacks . | . . . Successful . | . . . Failed . | . . . Catastrophic . | . . . Database Lockouts . | . . . Manual . | . . . Terminals . | . . . Fabricators . | . . . Repair Stations . | . . . Recycling Units . | . . . Scanalyzers . | . . . Garrison Access . | . . . Terminal Hacks . | . . . Fabricator Hacks . | . . . Repair Station Hacks . | . . . Recycling Unit Hacks . | . . . Scanalyzer . | . . . Garrison Access Hacks . | . . . Unauthorized Hacks . | . . . Terminals . | . . . Fabricators . | . . . Repair Stations . | . . . Recycling Units . | . . . Scanalyzers . | . . . Garrison Access . | . . . Data Cores Recovered . | . . . Used . | . . . Hacking Detections . | . . . Full Trace Events . | . . . Feedback Events . | . . . Feedback Blocked . | . . . Robot Schematics Acquired . | . . . Robots Built . | . . . Authchips . | . . . Time . | . . . Total Robot Build Rating . | . . . Part Schematics Acquired . | . . . Parts Built . | . . . Authchips . | . . . Time . | . . . Total Part Build Rating . | . . . Parts Repaired . | . . . Time . | . . . Parts Recycled . | . . . Recycled Matter . | . . . Retrieved Matter . | . . . Retrieved Components . | . . . Parts Scanalyzed . | . . . Part Schematics Acquired . | . . . Parts Damaged . | . . . Bothacking | -11 -10 -9 ------------ Run | Yrd Mat Mat Used RIF Installer . | . . . Robots Hacked 1 | . . 1 Non-combat . | . . . Combat 1 | . . 1 Robot Hacks Applied 1 | . . 1 parse_system 1 | . . 1 Relay Couplers Released . | . . . Fabnet Peak Effective % . | . . . Robots Rewired . | . . . Allies Hacked . | . . . Hacks Repelled . | . . . Allies | -11 -10 -9 -------- Run | Yrd Mat Mat Total Allies . | . . . Largest Group . | . . . Highest-Rated Group . | . . . Highest-Rated Ally . | . . . Total Orders . | . . . Ally Attacks . | . . . Total Damage . | . . . Kills . | . . . Allies Corrupted . | . . . Allies Melted . | . . . Intel | -11 -10 -9 ------- Run | Yrd Mat Mat Robot Analysis Total . | . . . Derelict Logs Recovered . | . . . Drone Launches . | . . . Drone Recoveries . | . . . Exploration | -11 -10 -9 ------------- Run | Yrd Mat Mat Turns Passed 1939 | 111 1256 572 Spaces Moved 798 | 67 576 155 Core 12 | 10 . 2 Treads 693 | 57 576 60 Legs 93 | . . 93 Wheels . | . . . Hover . | . . . Flight . | . . . Fastest Speed 50 | 50 160 120 Average Speed 154 | 146 160 135 Slowest Speed 160 | 160 160 160 Overloaded Moves . | . . . Propulsion Burnouts . | . . . Robots Hopped . | . . . Cave-ins Triggered . | . . . Exploration Rate (%) 27 | 4 65 12 Regions Visited 2 Branch Regions . Pre-discovered Areas . | . . . Known Exits Taken . | . . . Unknown Exits Taken 2 | 1 1 . Scrap Searched . | . . . Spaces Dug . | . . . Terrain Destroyed . | . . . Melee . | . . . Projectile . | . . . AOE . | . . . Terrain Rammed . | . . . Walls Destroyed . | . . . Machines Disabled . | . . . Actions | -11 -10 -9 --------- Run | Yrd Mat Mat Total 1381 | 80 872 429 Wait 435 | 2 249 184 Move 796 | 66 575 155 Hop . | . . . Pick Up 21 | 6 7 8 Fast Attach 2 | . 2 . Attach 16 | 6 2 8 Detach 3 | . 2 1 Swap 15 | . 6 9 Drop 8 | . 4 4 Fire 59 | . 25 34 Melee 20 | . . 20 Ram 5 | . . 5 Kick . | . . . Crush 1 | . . 1 Escape Stasis . | . . . Rewire . | . . . Trap . | . . . Miscellaneous . | . . . Route ------- -11/Scrapyard -10/Materials (discovered 4 exits: [*Mat x2] / [*Min x2]) -9/Materials History --------- Turn | Location | Event 13 | -11/Scrapyard | Discovered new exit (range 16) 112 | -11/Scrapyard | Entered Materials 312 | -10/Materials | Build established: Mutant 375 | -10/Materials | Discovered new exit (range 11) 485 | -10/Materials | Discovered new exit (range 4) 727 | -10/Materials | Discovered new exit (range 3) 1327 | -10/Materials | Discovered new exit (range 15) 1368 | -10/Materials | Entered another Materials area 1368 | -9/Materials | Evolved 2 slots: Propulsion x1, Utility x1 1872 | -9/Materials | Core integrity fell below 50% 1923 | -9/Materials | Lost 6 parts (3n1u2w) 1936 | -9/Materials | Core integrity fell below 20% 1940 | -9/Materials | Destroyed by L-31 Rogue with Katana Last Messages --------------- 01909_ G-34 Mercenary destroyed. 01909_ Switching to secondary target: G-34 Mercenary. 01909_ K-01 Serf cleans the Fusion Modulator. 01910_ Acquired 3 matter. 01918_ K-01 Serf collects debris. 01919_ Acquired 3 matter. 01921_ K-01 Serf collects debris. 01922_ Acquired 3 matter. 01925_ K-01 Serf collects debris. 01928_ Acquired 3 matter. 01929_ K-01 Serf collects debris. 01930_ Destroyed Backup Propulsion I. 01930_ Imp. Ion Engine destroyed. 01932_ K-01 Serf collects debris. 01934_ Acquired 3 matter. 01935_ Lgt. Treads destroyed. 01937_ Acquired 3 matter. 01937_ K-01 Serf collects debris. 01937_ Hvy. Assault Rifle severed. Map ----- +----------------------------------------------------+ | ??????????????????????????########????# #??????? | | ??????????????????????????# #????#[ #??????? | | ??????????????????????????# #???## ######## | | ??????????????????????????# """#???# | | ??????????????????????????# """#???# = | | ??????????????????????????# """#???# [ | | ??????????????????????????# [* #???# ######+# | | ??????????????????????????####+####### #??# = | | ?????????????????????????????# #??# | | ?????????????????????######### #??# | | ?????????????????????# # """ #??# ! | | ?????????????????????# """" # """ "" #??# | | ?????????????????????# ""S"" # """ "" #??# | | ?????????????????????# "" "" # T" #??##### | | ?????????????????????# # "" #??????? | | ?????????????????????# """ + !!! "" #??????? | | ?????????????????????# """ # !!! #??????? | | ?????????????????????# """ # !!! #??????? | | ?????????????????????# ##########+###??????? | | ?????????????????????# #????????? ?????????? | | ?????????????????????#*% #?????????"?????????? | | ?????????????????????##/######???????????????????? | | ??????????????????????# ##########Y#?????????????? | | ???????? ###########%#=[ * #?????????????? | | ???????? k %#[! k #?????????????? | | ???????? ^ ^ ^ %g@l![ "T" #?????????????? | | ???????? """ """=m#*![ """ ??????????????? | | ??????????????""" """ =#[![!% #?????????????? | | ??????????????""" """ ######+#####?????????????? | | ?????????????? ?????? ????????????????? | | ?????????????? ???????? #??????????????? | | ????????????? ?? ?????????#??????????????? | | ???????????????? ????????????????????????? | | ???????????????##########????????????????????????? | | ?????????????????????????????????????????????????? | | ?????????????????????????????????????????????????? | | ?????????????????????????????????????????????????? | | ?????????????????????????????????????????????????? | | ?????????????????????????????????????????????????? | | ?????????????????????????????????????????????????? | | ?????????????????????????????????????????????????? | | ?????????????????????????????????????????????????? | | ?????????????????????????????????????????????????? | | ?????????????????????????????????????????????????? | | ?????????????????????????????????????????????????? | | ?????????????????????????????????????????????????? | | ?????????????????????????????????????????????????? | | ?????????????????????????????????????????????????? | | ?????????????????????????????????????????????????? | | ?????????????????????????????????????????????????? | +----------------------------------------------------+ Best States ------------- Heat Dissipation 28 Energy Generation 12 Energy Capacity 265 Matter Stores 300 Matter Capacity 300 Sight Range 18 Robot Scan Range 14 Terrain Scan Density 10 ECM Strength 1 Evasion (%) 55 Recoil Reduction 2 Item Schematics ----------------- None Robot Schematics ------------------ None Fabricated ------------ Nothing Alien Tech Used ----------------- None Achievements -------------- None Challenges ------------ None Game ------ Seed ArchitectZhirovDeconstructor Manual? 0 Play Time 00:39:53 Cumulative 21.0 hours Start 2024.02.26 @ 21:47:44 End 2024.02.26 @ 22:32:57 Sessions 1 Manual Loads 0 Difficulty Rogue Special Mode None Game No. 7 Rogue 7 Adventurer 0 Explorer 0 Win Type - Total 0 Types 0/0/0/0/0/0/0/0/0 Lore% 13 Gallery% 22 Achievement% 17 Wizard Run 0 Options --------- Layout 1 ASCII 0 Keyboard 0 Movement Mouse Keybinds 0 Fullscreen 2 Font 32/SmallcapsGlow Map View 50x35 Zoom Use 6% Tactical HUD 1 Map Filters NONE Filters NONE Steam 1 RUN: 5ebad38a-972f-485a-adfc-df40534e31f6